 Dungeon Crawl Stone Soup version 0.28-a0-1038-g9c4cb8273d (webtiles) character file.

Game seed: 8588079681063181788

2577 ytrimaz the Nimble (level 9, -6/41 HPs)
             Began as a Felid Transmuter on Dec 7, 2021.
             Was a Believer of Ru.
             Mangled by Gastronok (25 damage)
             ... on level 8 of the Dungeon on Dec 8, 2021.
             The game lasted 00:17:21 (12312 turns).

ytrimaz the Nimble (Felid Transmuter)              Turns: 12312, Time: 00:17:21

Health: -6/41      AC:  2    Str:  6    XL:     9   Next: 32%
Magic:  16/18      EV: 34    Int: 18    God:    Ru [**....]
Gold:   377        SH:  0    Dex: 22    Spells: 10/18 levels left
                                        Lives:  0   Deaths: 2

rFire   . . .      SeeInvis +     - Unarmed
rCold   . . .      Faith    .   (shield unavailable)
rNeg    . . .      Spirit   .   (armour unavailable)
rPois   .          Reflect  .   (helmet unavailable)
rElec   .          Harm     .   (cloak unavailable)
rCorr   .          Rampage  .   (gloves unavailable)
Will    +....      Clarity  +   (boots unavailable)
Stlth   ++........              (no amulet)
HPRegen 0.13/turn               b - +4 ring of evasion
MPRegen 0.16/turn               r - ring of Naidist {Fly rPois}

@: spider-form, flying, studying Dodging
A: venomous fangs, tiny, (claws 1), (fangs 3), see invisible, (speed 1), (shaggy
fur 2), hated by all, (stealthy paws), no weapons or thrown items, no armour,
multi-lived, (horns 1), clarity
a: End Transformation, Renounce Religion


You were on level 8 of the Dungeon.
You worshipped Ru.
Ru was pleased with you.
You were a venomous arachnid creature.
You visited 2 branches of the dungeon, and saw 9 of its levels.

You collected 377 gold pieces.

Inventory:

Jewellery
 a - a ring of fire
 b - a +4 ring of evasion (left front leg)
 k - a ring of protection from cold
 r - the ring of Naidist (right front leg) {Fly rPois}
   (You acquired it on level 7 of the Dungeon)

   [ring of flight]

   rPois:     It protects you from poison.
   Fly:       It grants you flight.
Wands
 h - a wand of polymorph (3)
 j - a wand of digging (4)
 m - a wand of iceblast (3) (quivered)
 n - a wand of flame (43)
 q - a wand of mindburst (8)
Scrolls
 t - a scroll of brand weapon {unknown}
 u - 2 scrolls of teleportation
Potions
 c - 2 potions of ambrosia
 d - a potion of attraction
 e - a potion of magic {unknown}
 f - a potion of haste {unknown}
 g - 2 potions of mutation
 i - a potion of flight {unknown}
 l - 3 potions of might
 o - a potion of invisibility {unknown}
 p - a potion of brilliance {unknown}
 s - a potion of heal wounds


   Skills:
 * Level 6.0 Fighting
 * Level 10.2 Dodging
 + Level 9.6 Unarmed Combat
 + Level 5.4 Spellcasting
 + Level 5.6 Transmutations
 + Level 0.9 Ice Magic


You had 10 spell levels left.
You knew the following spells:

 Your Spells              Type           Power      Damage    Failure   Level
a - Beastly Appendage     Tmut           50%        N/A       6%          1
b - Spider Form           Tmut/Pois      15%        N/A       28%         3
c - Ice Form              Ice/Tmut       16%        N/A       54%         4

Your spell library contained the following spells:

 Spells                   Type           Power      Damage    Failure   Level
 Wereblood                Tmut           25%        N/A       8%          2
 Pain                     Necr           16%        1d4       30%         1
 Scorch                   Fire           8%         2d5       38%         2
 Flame Wave               Conj/Fire      4%         2d4       90%         4
 Agony                    Necr           4%         N/A       99%         5
 Excruciating Wounds      Necr           Unusable   N/A       N/A         5
 Summon Cactus Giant      Summ           Unusable   N/A       N/A         6

Dungeon Overview and Level Annotations

Branches:
Dungeon (8/15)             Temple (1/1) D:4
   Lair: D:8-11

Altars:
Ashenzari
Cheibriados
Dithmenos
Elyvilon
Fedhas
Gozag
Hepliaklqana
Kikubaaqudgha
Makhleb
Nemelex Xobeh
Okawaru
Qazlal
Ru
Sif Muna
Trog
Uskayaw
Vehumet
Wu Jian
Xom
Yredelemnul
Zin
The Shining One

Annotations:
D:8 Gastronok


Innate Abilities, Weirdness & Mutations

You are a venomous arachnid creature.
You have poisonous fangs.
You are tiny and dextrous.
Your spellcasting is less reliable in this form.
((You have sharp claws.))
((You have razor-sharp teeth.))
You have supernaturally acute eyesight. (SInv)
((You cover ground quickly. (Speed+)))
((You are covered in thick fur. (AC +2)))
You are hated by all.
((Your paws help you pounce on unaware monsters.))
You are incapable of wielding weapons or throwing items.
You cannot wear armour.
You gain extra lives every three experience levels.
((You have a pair of small horns on your head.))
You possess an exceptional clarity of mind.


Message History

You bite the centaur!
You kill the centaur!
Things that are here:
a +0 shortbow; 13 arrows Your transformation is almost over.
Your transformation has ended.
Magic restored.
u - 2 scrolls of teleportation (gained 1)
You now have 377 gold pieces (gained 14).
You see here 20 poisoned darts.
Gastronok the Ponderous comes into view.
Found a stone staircase leading down.
Gastronok is nearby!
Gastronok is nearby!
Casting: Spider Form (dangerous; 12% risk of failure)
Confirm with . or Enter, or press ? or * to list all spells.
You turn into a venomous arachnid creature.
Gastronok waves his eye-stalks in wide circles.
The air twists around and strikes you!!
Ouch! That really hurt!
You hit Gastronok.
Gastronok is poisoned.
Gastronok is lightly wounded.
You hit Gastronok but do no damage.
Gastronok looks as sick as possible!
Gastronok is lightly wounded.
Gastronok looks at you and mumbles some strange words.
You struggle to resist.
You hit Gastronok.
Gastronok looks as sick as possible!
Gastronok is lightly wounded.
You bite Gastronok!
Gastronok looks as sick as possible!
Gastronok is lightly wounded.
Gastronok misses you.
You hit Gastronok.
Gastronok looks as sick as possible!
Gastronok is moderately wounded.
You hit Gastronok.
Gastronok is moderately wounded.
You bite Gastronok!
Gastronok looks as sick as possible!
Gastronok is moderately wounded.
Gastronok bites you!!
Ouch! That really hurt!
You die...

....# ....## ....# ....
....# ..# ....# ####?#
....####....#########.#
.......(............#.#
....####...#........#.#
#.######.........w#.#.#
.......#........s...#.#
.......#......###.###.#
.......#......# .###.##
.......#......# .##...#
#.######......# .##...#
#.# ##.#...# .##.).# #
#.# #.#...# .##...#
.#.# #.# #...#
.##...##.#.# #.#
#...#######.....#.#


You could see Gastronok (extremely poisoned).

Vanquished Creatures
  A cyclops (D:6)
  Joseph (D:7)
  Prince Ribbit (D:7)
  A wyvern (D:7)
  A yak (D:8)
  A water moccasin (D:7)
  2 black bears (D:8)
  An orc warrior (D:7)
  An ogre (D:5)
  A sky beast (D:5)
  A necrophage (D:5)
  2 centaurs
  2 phantoms (D:6)
  Blork the orc (D:5)
  2 bullfrogs
  A gnoll sergeant (D:6)
  A wyvern zombie (D:8)
  A water moccasin zombie (D:6)
  A scorpion (D:8)
  A water moccasin skeleton (D:5)
  13 wights
  2 howler monkeys
  A centaur zombie (D:7)
  3 hounds
  5 orc priests
  A bullfrog skeleton (D:5)
  A centaur skeleton (D:7)
  Jessica (D:2)
  5 iguanas
  11 orc wizards
  Terence (D:2)
  A howler monkey zombie (D:6)
  6 adders
  4 gnolls
  A shadow imp (D:7)
  A white imp (D:6)
  An ufetubus (D:5)
  An adder skeleton (D:4)
  3 worms
  3 dart slugs
  30 orcs
  10 endoplasms
  2 giant cockroaches (D:4)
  A goblin (D:2)
  8 hobgoblins
  2 jackals (D:1)
  7 kobolds
  4 quokkas
  5 ball pythons
  2 bats (D:2)
  A frilled lizard (D:1)
  8 rats
169 creatures vanquished.

Vanquished Creatures (others)
  3 demonic plants (D:2)
  5 fungi (D:8)
  5 plants
13 creatures vanquished.

Grand Total: 182 creatures vanquished

Notes
Turn   | Place    | Note
-------+----------+-------------------------------------------
     0 | D:1      | ytrimaz the Felid Transmuter began the quest for the Orb.
     0 | D:1      | Reached XP level 1. HP: 9/9 MP: 4/4
   611 | D:1      | Reached XP level 2. HP: 12/12 MP: 4/6
   689 | D:1      | Reached skill level 3 in Dodging
  1596 | D:2      | Found a faded altar of an unknown god.
  1751 | D:2      | Reached XP level 3. HP: 11/15 MP: 5/7
  1763 | D:2      | Learned a level 3 spell: Spider Form
  2094 | D:2      | Noticed Jessica
  2101 | D:2      | Killed Jessica
  2102 | D:2      | Reached XP level 4. HP: 19/19 MP: 4/9
  2232 | D:2      | Noticed Terence
  2241 | D:2      | Killed Terence
  3003 | D:3      | Found a sacrificial altar of Ru.
  3014 | D:3      | Reached XP level 5. HP: 19/22 MP: 9/11
  3029 | D:3      | Became a worshipper of Ru the Awakened
  3358 | D:3      | Found a radiant altar of Vehumet.
  3358 | D:3      | Found a sparkling altar of Nemelex Xobeh.
  4139 | D:4      | Gained mutation: You are covered in thick fur. (AC +2)
                  | [Felid growth]
  4139 | D:4      | Reached XP level 6. HP: 26/26 MP: 5/12
  4323 | D:4      | Reached skill level 4 in Dodging
  4619 | D:4      | Found a staircase to the Ecumenical Temple.
  4673 | Temple   | Entered the Ecumenical Temple
  4962 | D:4      | Gained mutation: You are hated by all. [Ru sacrifice]
  4962 | D:4      | Reached * piety under Ru
  4962 | D:4      | Reached ** piety under Ru
  5207 | D:5      | Entered Level 5 of the Dungeon
  5403 | D:5      | Reached skill level 5 in Unarmed Combat
  5425 | D:5      | Noticed Blork the orc
  5434 | D:5      | Killed from afar by Blork the orc
  5435 | D:5      | Reached XP level 5. HP: -3/23 MP: 10/11
  5439 | D:5      | Killed Blork the orc
  5440 | D:5      | Reached XP level 6. HP: 27/27 MP: 12/12
  5964 | D:5      | Reached XP level 7. HP: 26/31 MP: 14/14
  6029 | D:5      | Reached skill level 5 in Dodging
  7540 | D:5      | Gained mutation: You possess an exceptional clarity of
                  | mind. [potion of mutation]
  7540 | D:5      | Gained mutation: You have a pair of small horns on your
                  | head. [potion of mutation]
  8035 | D:6      | Reached XP level 8. HP: 24/36 MP: 13/15
  8484 | D:6      | Reached skill level 6 in Dodging
  8592 | D:6      | Found a bloodstained altar of Trog.
  8817 | D:6      | Noticed a cyclops
  9427 | D:6      | Killed a cyclops
  9428 | D:6      | Reached skill level 7 in Dodging
  9592 | D:7      | Reached XP level 9. HP: 40/40 MP: 17/17
  9745 | D:7      | Learned a level 4 spell: Ice Form
  9879 | D:7      | Upgraded the game from 0.28-a0-1033-g1a2f33fa85 to
                  | 0.28-a0-1038-g9c4cb8273d
  9967 | D:7      | Reached skill level 5 in Fighting
  9967 | D:7      | Reached skill level 5 in Spellcasting
 10104 | D:7      | Noticed Prince Ribbit
 10138 | D:7      | Killed Prince Ribbit
 10139 | D:7      | Reached skill level 8 in Dodging
 10417 | D:7      | Identified a scroll of acquirement
 10419 | D:7      | Acquired the ring of Naidist {Fly rPois}
 10535 | D:7      | Reached skill level 5 in Transmutations
 10697 | D:7      | Noticed Joseph
 10711 | D:7      | Killed Joseph
 10953 | D:7      | Reached skill level 9 in Dodging
 10965 | D:7      | Mangled by an orc warrior
 10966 | D:7      | Reached XP level 8. HP: -11/35 MP: 16/16
 11568 | D:8      | Reached XP level 9. HP: 41/41 MP: 14/18
 11976 | D:8      | Reached skill level 10 in Dodging
 12299 | D:8      | Noticed Gastronok
 12312 | D:8      | Mangled by Gastronok

Illustrated notes

Levels and vault maps discovered:
D:1:      dpeg_arrival_boxes_within_box, layout_basic,
          chequers_serial_rivers_micro_d
D:2:      layout_basic, shapermc_ecumenical_altar_gd,
          kennysheep_generic_room_12, uniq_terence, uniq_jessica
D:3:      layout_basic, nicolae_ru_great_annihilating_truth,
          gammafunk_temple_overflow_statue, serial_forest,
          infiniplex_forest_end_1, infiniplex_forest_lined_3,
          infiniplex_forest_clump_small, infiniplex_forest_clump_curved,
          infiniplex_forest_clump_large, kennysheep_generic_room_15
D:4:      layout_loops_cross, minmay_temple_entry_mist
D:5:      nicolae_cairo_tiling_large, layout_rooms, cheibrodos_sewer_entry_bend,
          uniq_blork_the_orc
D:6:      layout_rooms, lightli_temple_of_fire, minmay_manual_mullet
D:7:      layout_loops_corners, uniq_prince_ribbit1, uniq_joseph
D:8:      layout_basic, grunt_lair_entry_orc_guard_hut, uniq_gastronok
Temple:   regret_index_temple_mists

Skill      XL: |  1  2  3  4  5  6  7  8  9 |
---------------+----------------------------+-----
Dodging        | 3 4 5 7 10 | 10.2
Spellcasting   | 3 4 5 |  5.4
Unarmed Combat | 4 5 6 8 9 |  9.6
Transmutations | 3 4 5 |  5.6
Fighting       | 2 3 4 6 |  6.0
Ice Magic      | |  0.9

Action                   |  1- 3 |  4- 6 |  7- 9 || total
-------------------------+-------+-------+-------++-------
Melee: Unarmed           |    89 |   196 |   374 ||   659
       Headbutt          |     8 |     4 |    16 ||    28
       Bite              |     2 |    10 |    13 ||    25
       Punch             |     1 |       |     3 ||     4
 Cast: Beastly Appendage |    16 |     9 |       ||    25
       Spider Form       |     2 |    21 |    31 ||    54
       Ice Form          |       |       |     4 ||     4
Invok: Sacrifice Love    |       |     1 |       ||     1
       Reject Sacrifices |       |       |     1 ||     1
 Abil: End Transformatio |       |       |     1 ||     1
Evoke: Wand              |       |       |     3 ||     3
  Use: Potion            |     2 |     2 |     3 ||     7
       Scroll            |       |     4 |     8 ||    12
 Stab: Sleeping          |     3 |     1 |     3 ||     7
       Paralysed         |       |     1 |       ||     1
Armor: Skin              |     5 |     4 |    11 ||    20
Dodge: Dodged            |    65 |   147 |   290 ||   502

Table legend: (Time is in decaauts)
 A = Elapsed time spent in this place.
 B = Non-inter-level travel time spent in this place.
 C = Inter-level travel time spent in this place.
 D = Time resting spent in this place.
 E = Time spent auto-exploring this place.
 F = Levels seen in this place.
 G = Mean time per level.
                   A        B        C        D        E       F      G
               +--------+--------+--------+--------+--------+-----+--------+
         Total |  11312 |  11110 |    202 |   1741 |   7535 |   9 | 1256.9 |
       Dungeon |  11123 |  10945 |    178 |   1741 |   7390 |   8 | 1390.4 |
        Temple |    188 |    165 |     23 |      0 |    145 |   1 |  188.0 |
               +--------+--------+--------+--------+--------+-----+--------+

Top non-repeatable levels by time:
     D:5: 2498 daAuts
     D:7: 1838 daAuts
     D:6: 1431 daAuts
     D:1: 1411 daAuts
     D:2: 1099 daAuts
     D:4: 1086 daAuts
     D:3: 1042 daAuts
     D:8: 714 daAuts
  Temple: 188 daAuts
